 Dungeon Crawl Stone Soup version 0.26-a0-1205-g4083c211ab (webtiles) character file.

Game seed: 4778555525715940997

132 CurlyBrace the Sneak (level 4, 22/22 HPs)
             Began as a Felid Delver on Dec 29, 2020.
             Quit the game on level 6 of the Dungeon.
             The game lasted 00:01:32 (114 turns).

CurlyBrace the Sneak (Felid Delver)                  Turns: 114, Time: 00:01:33

Health: 22/22      AC:  1    Str:  8    XL:     4   Next: 92%
Magic:  5/5        EV: 19    Int: 13    God:
Gold:   29         SH:  0    Dex: 17    Spells: 3/3 levels left
                                        Lives:  0   Deaths: 1

rFire    . . .     SeeInvis +     - Unarmed
rCold    . . .     Faith    .   (shield unavailable)
rNeg     . . .     Spirit   .   (armour unavailable)
rPois    .         Reflect  .   (helmet unavailable)
rElec    .         Harm     .   (cloak unavailable)
rCorr    .         Rampage  .   (gloves unavailable)
Will     .....                  (boots unavailable)
Stlth    ++++......             d - amulet of the acrobat
HPRegen  0.07/turn              (no ring)
MPRegen  0.09/turn              (no ring)

@: quick
A: very small, no armour, no weapons or thrown items, stealth, claws 1, fangs 3,
see invisible, speed 1, shaggy fur 1, sharp paws
a: no special abilities


You were on level 6 of the Dungeon.
You visited 1 branch of the dungeon, and saw 2 of its levels.

You collected 29 gold pieces.

Inventory:

Jewellery
 d - an amulet of the acrobat (around neck)
   (You found it on level 6 of the Dungeon)
Wands
 v - a wand of digging (3)
Scrolls
 a - a scroll of fog
 c - 2 scrolls of fear
Potions
 e - a potion of flight {unknown}


   Skills:
 * Level 4.4 Fighting
 + Level 4.2 Dodging
 - Level 7.0 Stealth
 * Level 4.4 Unarmed Combat


You had 3 spell levels left.
You didn't know any spells.
Your spell library was empty.

Dungeon Overview and Level Annotations

Branches:
Dungeon (6/15)
 Temple: D:4-7

Altars:

Annotations:
D:6 Prince Ribbit


Innate Abilities, Weirdness & Mutations

You cannot wear armour.
You are incapable of wielding weapons or throwing items.
Your paws allow you to move quietly. (Stealth)
You have sharp claws.
You have razor-sharp teeth.
You have supernaturally acute eyesight. (SInv)
You cover ground quickly.
You are covered in fur. (AC +1)
Your sharp claws are effective at attacking unaware monsters.


Message History

Prince Ribbit is heavily wounded.
Prince Ribbit asks, "Just a little smooch?"
Prince Ribbit misses you.
You barely miss Prince Ribbit.
Prince Ribbit is heavily wounded.
Prince Ribbit barely misses you.
You closely miss Prince Ribbit.
Prince Ribbit is heavily wounded.
You feel yourself slow down.
Prince Ribbit catches a moth with his tongue.
Prince Ribbit misses you.
You claw Prince Ribbit!
Prince Ribbit is severely wounded.
Prince Ribbit hits you!!
Ouch! That really hurt!
You die...
You are now level 4!
You rejoin the land of the living...
Unknown command.
Are you sure you want to abandon this character and quit the game? (Confirm with "yes".)

*,,,,,,,,,,*,,,####*,,*,,........
*,,,,,,,,,****##.†##,,*,,........
****,*,*,**,,*#....#,,,,,........
**,*,,**,,,,+....####......###.
**,,,,,,*,,,,##..##..##......##.
*,,,,,****,,###†#'....#.........
*,,,,**,,*+##...##....#.........
**,,**,,,,##.....##..##.........
**,,***,,,,#....@.)##'##....#....
*,,** **,,*#...8..[##..##...#....
*,** **+*#.......#†...#........
,,* **,,##.....##....'........
,,* *,,,,##...##+#..##...#....
,** *,,,,+#'###..####...##.... ,*
******,,##..##††[.#.....##.... ,*
*,,,,***#....F....#.....#####. ,*
*,,,,,,,#.)..##..##...#.# *..


There were no monsters in sight!

Vanquished Creatures
  A sky beast (D:6)
  An ogre (D:6)
  2 hounds (D:6)
  A killer bee zombie (D:6)
  A white imp (D:6)
  A giant cockroach (D:6)
7 creatures vanquished.

Notes
Turn   | Place    | Note
-------+----------+-------------------------------------------
     0 | D:5      | CurlyBrace the Felid Delver began the quest for the Orb.
     0 | D:5      | Reached XP level 1. HP: 10/10 MP: 2/2
    28 | D:6      | Noticed a hound
    32 | D:6      | Killed a hound
    33 | D:6      | Reached skill level 7 in Stealth
    33 | D:6      | Reached XP level 2. HP: 14/14 MP: 3/3
    33 | D:6      | Reached XP level 3. HP: 17/17 MP: 4/4
    38 | D:6      | Noticed a sky beast
    43 | D:6      | Killed a sky beast
    44 | D:6      | Reached XP level 4. HP: 22/22 MP: 5/5
    63 | D:6      | Reached XP level 5. HP: 3/25 MP: 6/6
    90 | D:6      | Noticed an ogre
    94 | D:6      | Killed an ogre
    96 | D:6      | Noticed Prince Ribbit
   113 | D:6      | Slain by Prince Ribbit
   114 | D:6      | Reached XP level 4. HP: -1/22 MP: 5/5
   114 | D:6      | Quit the game

Illustrated notes

Levels and vault maps discovered:
D:5:      layout_cave_pools, nicolae_qazlal_general_emergency,
          chequers_temple_overflow_statue_of_worship, grunt_gozag_breadcrumbs,
          uniq_edmund, uniq_ijyb, uniq_duvessa, uniq_blork_the_orc,
          uniq_eustachio
D:6:      minmay_bubble_buster, layout_rooms, lightli_temple_of_fire,
          fedhas_ov_isle_minmay, old_standard_altar, amethyst_killhole,
          nicolae_underground_beach, uniq_sigmund, uniq_prince_ribbit1,
          uniq_crazy_yiuf_cottage

Skill      XL: |  1  2  3  4  5 |
---------------+----------------+-----
Dodging        | 3 4 |  4.2
Stealth        | 7 |  7.0
Unarmed Combat | 3 4 |  4.4
Fighting       | 4 |  4.4

Action                   |  1- 3 |  4- 6 || total
-------------------------+-------+-------++-------
Melee: Unarmed           |     4 |    21 ||    25
       Bite              |     1 |     2 ||     3
       Punch             |       |     1 ||     1
  Use: Scroll            |     1 |       ||     1
       Potion            |       |     3 ||     3
 Stab: Sleeping          |     3 |     2 ||     5
Armor: Skin              |       |     1 ||     1
Dodge: Dodged            |     1 |    10 ||    11

Table legend: (Time is in decaauts)
 A = Elapsed time spent in this place.
 B = Non-inter-level travel time spent in this place.
 C = Inter-level travel time spent in this place.
 D = Time resting spent in this place.
 E = Time spent auto-exploring this place.
 F = Levels seen in this place.
 G = Mean time per level.
                   A        B        C        D        E       F      G
               +--------+--------+--------+--------+--------+-----+--------+
         Total |     81 |     73 |      8 |      0 |      0 |   2 |   40.5 |
       Dungeon |     81 |     73 |      8 |      0 |      0 |   2 |   40.5 |
               +--------+--------+--------+--------+--------+-----+--------+

Top non-repeatable levels by time:
     D:6: 80 daAuts
     D:5: 1 daAuts
